 Dungeon Crawl Stone Soup version 0.30-b1-2-g02819fbbbe (webtiles) character file.

Game seed: 4689839080229097362

33 Mesmaeker13 the Shooter (level 3, 0/20 HPs)
             Began as a Kobold Hexslinger on June 4, 2023.
             Slain by an adder (2 damage)
             ... on level 2 of the Dungeon.
             The game lasted 00:02:20 (1527 turns).

Mesmaeker13 the Shooter (Kobold Hexslinger)         Turns: 1527, Time: 00:02:20

Health: 0/20       AC:  3    Str:  7    XL:     3   Next: 47%
Magic:  5/5        EV: 15    Int: 14    God:
Gold:   76         SH:  0    Dex: 17    Spells: 1/5 levels left

rFire   . . .        f - +0 dagger
rCold   . . .        (no shield)
rNeg    . . .        c - +0 robe
rPois   .            (no helmet)
rElec   .            (no cloak)
rCorr   .            (no gloves)
SInv    .            i - +0 pair of boots
Will    .....        (no amulet)
Stlth   +++          (no ring)
HPRegen 0.23/turn    (no ring)
MPRegen 0.09/turn

%: no passive effects
@: lethally poisoned (0 -> -2)
A: small, no large weapons, nightstalker 3
a: no special abilities


You were on level 2 of the Dungeon.
You visited 1 branch of the dungeon, and saw 2 of its levels.

You collected 76 gold pieces.

Inventory:

Hand Weapons
 a - a +1 sling
 f - a +0 dagger (weapon)
Armour
 c - a +0 robe (worn)
 i - a +0 pair of boots (worn)
Magical Staves
 d - a staff of fire
Scrolls
 b - a scroll of poison
 g - a scroll of vulnerability {unknown}
 j - a scroll of blinking {unknown}
 k - a scroll of immolation {unknown}
Potions
 e - 2 potions of curing
 h - a potion of magic {unknown}


   Skills:
 - Level 1.1 Fighting
 + Level 3.5 Ranged Weapons
 - Level 2.4 Dodging
 + Level 1.0 Stealth
 + Level 1.9 Spellcasting
 + Level 3.4 Hexes


You had one spell level left.
You knew the following spells:

 Your Spells              Type           Power      Damage    Failure   Level
a - Slow                  Hex            40%        N/A       6%          1
b - Inner Flame           Hex/Fire       6%         N/A       34%         3

Your spell library contained the following spells:

 Spells                   Type           Power      Damage    Failure   Level
 Portal Projectile        Hex/Tloc       12%        N/A       34%         3
 Cause Fear               Hex            5%         N/A       52%         4


Dungeon Overview and Level Annotations

Branches:
Dungeon (2/15)

Altars:


Innate Abilities, Weirdness & Mutations

You are small and have problems with some larger weapons.
You are completely attuned to the shadows.


Message History

You hit the adder.
The adder is moderately wounded.
You feel sick. The adder misses you. The adder closely misses you.
You barely miss the adder.
The adder is moderately wounded.
You feel sick.
You are no longer poisoned.
The adder barely misses you.
You closely miss the adder.
The adder is moderately wounded.
The adder barely misses you.
You hit the adder but do no damage.
The adder is moderately wounded.
The adder closely misses you. The adder bites you.
You are poisoned.
The adder poisons you!
You hit the adder.
The adder is heavily wounded.
You feel sick. The adder barely misses you.
You hit the adder but do no damage.
The adder is heavily wounded.
You feel sick. The adder bites you but does no damage.
You hit the adder.
The adder is heavily wounded.
You feel sick. The adder misses you.
You hit the adder.
The adder is severely wounded.
You feel sick. The adder bites you.
You are more poisoned.
The adder poisons you! The adder bites you.
* * * LOW HITPOINT WARNING * * *
You hit the adder.
The adder is almost dead.
* * * LOW HITPOINT WARNING * * *
You feel sick. The adder misses you.
You closely miss the adder.
The adder is almost dead.
* * * LOW HITPOINT WARNING * * *
You feel sick. The adder bites you.
You die...

~~~~≈## #.#.#.......##
#≈≈≈≈# #.#..........#
≈≈≈≈ #.###...>)..##
#.##.........#
#.###.......##
#.##.........#
#.###.#.#.#.##
####.##.#..#####
#.S@....#.>.####
###..#..#####..... #.
###~~PP##...#.......
#?..##PPPP~P####>#.......
#.#.PPPPPP~.# #...#.....
#.PPPP~♣~~P~# #####.....
P~PP♣~~~PPP## ...#
~~♣~~~PPP## ♣PP..####


You could see an adder.

Vanquished Creatures
  A worm (D:2)
  An orc (D:2)
  4 bats
  An endoplasm (D:1)
  6 goblins
  A hobgoblin (D:1)
  4 jackals (D:1)
  A quokka (D:1)
  A ball python (D:1)
  2 frilled lizards (D:2)
  3 kobolds
  3 rats (D:1)
28 creatures vanquished.

Vanquished Creatures (others)
  3 plants (D:2)
  4 toadstools (D:1)
7 creatures vanquished.

Grand Total: 35 creatures vanquished

Notes
Turn   | Place    | Note
-------+----------+-------------------------------------------
     0 | D:1      | Mesmaeker13 the Kobold Hexslinger began the quest for the
                  | Orb.
     0 | D:1      | Reached XP level 1. HP: 12/12 MP: 2/2
   301 | D:1      | Reached XP level 2. HP: 11/16 MP: 2/4
   514 | D:1      | Found a faded altar of an unknown god.
   762 | D:1      | Reached XP level 3. HP: 20/20 MP: 5/5
  1163 | D:2      | Learned a level 3 spell: Inner Flame
  1489 | D:2      | Reached skill level 1 in Stealth
  1527 | D:2      | Slain by an adder

Illustrated notes

Levels and vault maps discovered:
D:1:      ldierk_walled_garden_2, layout_loops_ring,
          ebering_ecumenical_altar_box, corexii_leaking_fountain,
          hangedman_decor_slide_cut, chequers_mini_garden,
          minmay_misc_feat_encased
D:2:      layout_loops_ring, st_stairs_4, chequers_serial_rivers_large_a,
          serial_bayou_lagoon_a, uniq_sigmund, uniq_robin

Skill      XL: |  1  2  3 |
---------------+----------+-----
Ranged Weapons | 3 |  3.5
Stealth        | 1 |  1.0
Fighting       | |  1.1
Dodging        | |  2.4
Spellcasting   | |  1.9
Hexes          | |  3.4

Action                     || total
---------------------------++-------
  Melee: Dagger            ||    14
   Fire: Sling             ||   110
   Cast: Slow              ||    13
    Use: Potion            ||     1
 Armour: Robe              ||    15
  Dodge: Dodged            ||    71
